Map: Invader LE

Players

Miszu

  • Race: Terran Terran
  • League: Master

Scandi - Winner!

  • Race: Terran Terran
  • League: Master

VOD

Have the link to the VOD?

Description

Time

  • Played on: March 29, 2016, 4:48 p.m.
  • Length: 5:44
Show
View Real Time Build Order
Export as new Build Order

Miszu Terran 

Build Orders: 1/1/1, Banshee Rush 

Get SALT Encoding   

  12  0:00  SCV  
  13  0:12  SCV  
  14  0:18  Supply Depot  
  14  0:25  SCV  
  15  0:35  Refinery  
  15  0:39  SCV  
  16  0:46  Barracks  
  16  0:51  SCV  
  17  1:03  SCV  
  18  1:12  Refinery  
  18  1:15  SCV  
  20  1:36  Orbital Command  
  20  1:37  Factory  
  19  1:41  Supply Depot  
  19  1:46  Reaper  
  20  2:01  SCV  
  21  2:13  SCV  
  22  2:16  Supply Depot  
  22  2:18  Reaper  
  22  2:22  Starport  
  23  2:26  Hellion  
  25  2:30  SCV  
  26  2:48  Hellion  
  26  2:49  SCV  
  26  2:50  Barracks Tech Lab  
  28  2:56  Supply Depot  
  28  3:02  SCV  
  29  3:11  Cloaking Field  
  29  3:12  Banshee  
  32  3:17  SCV  
  33  3:23  Barracks Reactor, Engineering Bay  
  33  3:26  Hellion  
  35  3:30  SCV  
  36  3:42  SCV  
  37  3:54  SCV  
  35  3:57  Banshee  
  38  4:06  SCV  
  39  4:18  SCV  
  40  4:30  SCV  
  41  4:33  Marine x2, Factory Tech Lab  
  43  4:42  SCV  
  43  4:55  SCV  
  43  4:57  Raven, Command Center  
  46  5:07  SCV  
  47  5:22  SCV  
  47  5:26  Supply Depot  
  45  5:29  Barracks  
  45  5:30  Barracks  
Show
View Real Time Build Order
Export as new Build Order

Scandi Terran - Winner!

Build Orders: 1/1/1 

Get SALT Encoding   

  12  0:01  SCV  
  13  0:13  SCV  
  14  0:17  Supply Depot  
  14  0:25  SCV  
  15  0:29  Refinery  
  15  0:39  SCV  
  16  0:44  Barracks  
  16  0:51  SCV  
  16  0:55  Refinery  
  17  1:03  SCV  
  18  1:15  SCV  
  19  1:27  SCV  
  20  1:34  Factory, Reaper  
  21  1:40  Orbital Command  
  21  1:51  Supply Depot  
  21  2:05  SCV  
  21  2:07  Reaper  
  23  2:17  SCV  
  23  2:19  Hellion  
  23  2:20  Starport  
  26  2:25  Supply Depot  
  26  2:31  SCV  
  27  2:39  Reaper  
  27  2:40  Hellion  
  30  2:50  SCV  
  31  2:56  Supply Depot  
  31  2:57  Medivac  
  33  3:02  Hellion  
  35  3:12  Barracks Reactor  
  35  3:27  Viking, Factory Tech Lab  
  37  3:37  Command Center  
  37  3:46  SCV  
  38  3:50  Engineering Bay  
  38  3:53  Cyclone  
  38  4:05  SCV  
  38  4:06  Marine x2  
  38  4:09  Medivac  
  43  4:19  Missile Turret  
  43  4:21  SCV  
  44  4:24  Missile Turret  
  47  4:31  Siege Tank  
  47  4:48  Marine x2  
  47  4:50  Missile Turret, Orbital Command  
  49  5:06  Marine x2  
  50  5:27  SCV x2  
  55  5:28  Barracks  
  55  5:30  Barracks  
  55  5:41  Starport Reactor  
Tags
 
Add a new tag
Caveats
  • Supply blocks, unpowered buildings, or Contaminate may cause inaccurate times.
  • Supply counts are checked every 10 seconds.